TOP OF THE 1ST |
Los Cabos Cartel batting - Pitching for Maui Tropics : RHP Pat Stuckey
|
Pitching: RHP Pat Stuckey
|
|
Batting: RHB Dan Mason
|
0-0: Foul Ball, location: 2F 0-1: Hit by Pitch
|
Batting: LHB Luis González
|
0-0: Foul Ball, location: 2F 0-1: SINGLE (Groundball, 4MD) Dan Mason to second
|
Batting: SHB Julián Madrid
|
0-0: Called Strike 0-1: Foul Ball, location: 2F 0-2: Ball 1-2: Ball 2-2: Foul Ball, location: 2F 2-2: SINGLE (Line Drive, 78M) Dan Mason to third Luis González to second
|
Batting: LHB Marc Brown
|
0-0: Called Strike 0-1: Ground out 3-1 (Groundball, 34S) Dan Mason scores Luis González to third Julián Madrid to second
|
Batting: RHB Stephen Wilson
|
0-0: Called Strike 0-1: Ground out 2-3 (Groundball, 2L)
|
Batting: LHB Manny Quiñones
|
0-0: Ball 1-0: Swinging Strike 1-1: Fly out, F9 (Line Drive, 9S)
|
Top of the 1st over - 1 run(s), 2 hit(s), 0 error(s), 2 left on base; Los Cabos 1 - Maui 0 |
BOTTOM OF THE 1ST |
Maui Tropics batting - Pitching for Los Cabos Cartel : RHP Vicente Durán
|
Pitching: RHP Vicente Durán
|
|
Batting: LHB Mario Olivares
|
0-0: Ball 1-0: SINGLE (Groundball, 34D)
|
Batting: LHB Juan Jose Rojas
|
0-0: Ball 1-0: Ball 2-0: Called Strike 2-1: Swinging Strike 2-2: Fly out, F9 (Flyball, 9LM) 2-2: Fly out, F9 (Flyball, 9LM)
|
Batting: RHB Jesús Espinoza
|
0-0: Called Strike Mario Olivares steals 2nd base 0-1: Foul Ball, location: 2F 0-2: Ball 1-2: Strikes out swinging
|
Batting: LHB Luis Antonio Torres
|
0-0: Called Strike 0-1: Swinging Strike 0-2: Ball 1-2: Strikes out looking
|
Bottom of the 1st over - 0 run(s), 1 hit(s), 0 error(s), 1 left on base; Los Cabos 1 - Maui 0 |
TOP OF THE 2ND |
Los Cabos Cartel batting - Pitching for Maui Tropics : RHP Pat Stuckey
|
Batting: RHB Sam Wallace
|
0-0: Called Strike 0-1: Called Strike 0-2: Ball 1-2: Ball 2-2: Ball 3-2: Foul Ball, location: 2F 3-2: Base on Balls
|
Batting: LHB José Rivas
|
0-0: Ball 1-0: Foul Ball, location: 2F 1-1: Ball 2-1: Ball 3-1: Ground out 6-3 (Groundball, 6MS) Sam Wallace to second
|
Batting: RHB Oliver Lugo
|
0-0: Called Strike 0-1: Ball 1-1: Ball 2-1: DOUBLE (Flyball, 89D) Sam Wallace scores
|
Batting: RHB Dan Mason
|
0-0: Ball Oliver Lugo is caught stealing 3rd base 1-0: Called Strike 1-1: Swinging Strike 1-2: Strikes out swinging
|
Top of the 2nd over - 1 run(s), 1 hit(s), 0 error(s), 0 left on base; Los Cabos 2 - Maui 0 |
BOTTOM OF THE 2ND |
Maui Tropics batting - Pitching for Los Cabos Cartel : RHP Vicente Durán
|
Batting: LHB Henry Huffman
|
0-0: Foul Ball, location: 2F 0-1: Ball 1-1: Ground out U3 (Groundball, 3)
|
Batting: RHB Damian Yates
|
0-0: Called Strike 0-1: Ball 1-1: Swinging Strike 1-2: Strikes out swinging
|
Batting: RHB Ximena Campos
|
0-0: Ball 1-0: Ball 2-0: Ball 3-0: Base on Balls
|
Batting: LHB Javier Espinoza
|
0-0: Ball 1-0: Fly out, F6 (Flyball, 6D)
|
Bottom of the 2nd over - 0 run(s), 0 hit(s), 0 error(s), 1 left on base; Los Cabos 2 - Maui 0 |
TOP OF THE 3RD |
Los Cabos Cartel batting - Pitching for Maui Tropics : RHP Pat Stuckey
|
Batting: LHB Luis González
|
0-0: Ball 1-0: Bunted foul 1-1: SINGLE (Flyball, 7S)
|
Batting: SHB Julián Madrid
|
0-0: Called Strike 0-1: Fly out, F9 (Flyball, 9D)
|
Batting: LHB Marc Brown
|
0-0: Ball Luis González steals 2nd base 1-0: Ball 2-0: Ball Wild Pitch! Luis González to third 3-0: Base on Balls
|
Batting: RHB Stephen Wilson
|
0-0: Called Strike Marc Brown is caught stealing 2nd base 0-1: Foul Ball, location: 2F 0-2: Ball 1-2: Ball 2-2: Foul Ball, location: 2F 2-2: Ball 3-2: Foul Ball, location: 2F 3-2: Base on Balls
|
Batting: LHB Manny Quiñones
|
0-0: Ball 1-0: Called Strike 1-1: Fly out, F9 (Flyball, 9LD)
|
Top of the 3rd over - 0 run(s), 1 hit(s), 0 error(s), 2 left on base; Los Cabos 2 - Maui 0 |
BOTTOM OF THE 3RD |
Maui Tropics batting - Pitching for Los Cabos Cartel : RHP Vicente Durán
|
Batting: RHB Pat Haynes
|
0-0: Called Strike 0-1: DOUBLE (Flyball, 8RM)
|
Batting: LHB Mario Olivares
|
0-0: Ball 1-0: Called Strike 1-1: Ball 2-1: Ball 3-1: Base on Balls
|
Batting: LHB Juan Jose Rojas
|
0-0: Ball 1-0: Ball 2-0: DOUBLE (Flyball, 7LD) Pat Haynes scores Mario Olivares to third
|
Batting: RHB Jesús Espinoza
|
0-0: Called Strike 0-1: Foul Ball, location: 2F 0-2: Ground out 1-3 (Groundball, 13S)
|
Batting: LHB Luis Antonio Torres
|
0-0: Called Strike 0-1: Ball 1-1: Ground out 6-3 (Groundball, 6) Mario Olivares scores
|
Batting: LHB Henry Huffman
|
0-0: Ball 1-0: Foul Ball, location: 2F 1-1: Ball 2-1: Ball 3-1: Base on Balls
|
Batting: RHB Damian Yates
|
0-0: Ball 1-0: Foul Ball, location: 2F 1-1: Foul Ball, location: 2F 1-2: Strikes out looking
|
Bottom of the 3rd over - 2 run(s), 2 hit(s), 0 error(s), 2 left on base; Los Cabos 2 - Maui 2 |
TOP OF THE 4TH |
Los Cabos Cartel batting - Pitching for Maui Tropics : RHP Pat Stuckey
|
Batting: RHB Sam Wallace
|
0-0: Called Strike 0-1: Foul Ball, location: 2F 0-2: Strikes out swinging
|
Batting: LHB José Rivas
|
0-0: Ball 1-0: Swinging Strike 1-1: Ball 2-1: Swinging Strike 2-2: Strikes out swinging
|
Batting: RHB Oliver Lugo
|
0-0: Foul Ball, location: 2F 0-1: Ball 1-1: Foul Ball, location: 2F 1-2: Ground out 5-3 (Groundball, 5S)
|
Top of the 4th over - 0 run(s), 0 hit(s), 0 error(s), 0 left on base; Los Cabos 2 - Maui 2 |
BOTTOM OF THE 4TH |
Maui Tropics batting - Pitching for Los Cabos Cartel : RHP Vicente Durán
|
Batting: RHB Ximena Campos
|
0-0: Foul Ball, location: 2F 0-1: Ground out 6-3 (Groundball, 6)
|
Batting: LHB Javier Espinoza
|
0-0: Ball 1-0: Foul Ball, location: 2F 1-1: Fly out, F4 (Popup, 4MD)
|
Batting: RHB Pat Haynes
|
0-0: Foul Ball, location: 2F 0-1: Ball 1-1: Called Strike 1-2: Foul Ball, location: 2F 1-2: Foul Ball, location: 2F 1-2: Ball 2-2: DOUBLE (Line Drive, 9LM)
|
Batting: LHB Mario Olivares
|
0-0: Ball 1-0: Ground out U3 (Groundball, 3)
|
Bottom of the 4th over - 0 run(s), 1 hit(s), 0 error(s), 1 left on base; Los Cabos 2 - Maui 2 |
TOP OF THE 5TH |
Los Cabos Cartel batting - Pitching for Maui Tropics : RHP Pat Stuckey
|
Batting: RHB Dan Mason
|
0-0: Ball 1-0: Called Strike 1-1: Ball 2-1: Ball 3-1: Base on Balls
|
Pitching: RHP Hokusai Nakashima
|
|
Batting: LHB Luis González
|
0-0: Ball 1-0: Called Strike 1-1: Ball 2-1: Called Strike 2-2: Ball 3-2: Foul Ball, location: 2F 3-2: Base on Balls Dan Mason to second
|
Batting: SHB Julián Madrid
|
0-0: Called Strike 0-1: Ball 1-1: Ball 2-1: SINGLE (Groundball, 56D) Dan Mason to third Luis González to second
|
Batting: LHB Marc Brown
|
0-0: Swinging Strike 0-1: Foul Ball, location: 2F 0-2: Fly out, F5 (Popup, 56S)
|
Batting: RHB Stephen Wilson
|
0-0: Foul Ball, location: 2F 0-1: Ball 1-1: Foul Ball, location: 2F 1-2: Foul Ball, location: 2F 1-2: Strikes out swinging
|
Batting: LHB Manny Quiñones
|
0-0: Ball 1-0: Ball 2-0: Ball 3-0: Called Strike 3-1: Base on Balls Dan Mason scores Luis González to third Julián Madrid to second
|
Batting: RHB Sam Wallace
|
0-0: Called Strike 0-1: Ball 1-1: Ball 2-1: Ball 3-1: Base on Balls Luis González scores Julián Madrid to third Manny Quiñones to second
|
Batting: LHB José Rivas
|
0-0: Called Strike 0-1: Ball 1-1: Called Strike 1-2: Ground out 5-3 (Groundball, 56S)
|
Top of the 5th over - 2 run(s), 1 hit(s), 0 error(s), 3 left on base; Los Cabos 4 - Maui 2 |
BOTTOM OF THE 5TH |
Maui Tropics batting - Pitching for Los Cabos Cartel : RHP Vicente Durán
|
Batting: LHB Juan Jose Rojas
|
0-0: Fly out, F7 (Flyball, 7S)
|
Batting: RHB Jesús Espinoza
|
0-0: Fly out, F8 (Flyball, 8RD)
|
Batting: LHB Luis Antonio Torres
|
0-0: Called Strike 0-1: Ball 1-1: Swinging Strike 1-2: Ball 2-2: Foul Ball, location: 2F 2-2: Ground out U3 (Groundball, 3)
|
Bottom of the 5th over - 0 run(s), 0 hit(s), 0 error(s), 0 left on base; Los Cabos 4 - Maui 2 |
TOP OF THE 6TH |
Los Cabos Cartel batting - Pitching for Maui Tropics : RHP Hokusai Nakashima
|
Batting: RHB Oliver Lugo
|
0-0: Ground out 5-3 (Groundball, 5L)
|
Batting: RHB Dan Mason
|
0-0: Called Strike 0-1: Foul Ball, location: 2F 0-2: Foul Ball, location: 2F 0-2: Ball 1-2: Foul Ball, location: 2F 1-2: Foul Ball, location: 2F 1-2: Strikes out swinging
|
Batting: LHB Luis González
|
0-0: Foul Ball, location: 2F 0-1: Foul Ball, location: 2F 0-2: Ground out 6-3 (Groundball, 6MS)
|
Top of the 6th over - 0 run(s), 0 hit(s), 0 error(s), 0 left on base; Los Cabos 4 - Maui 2 |
BOTTOM OF THE 6TH |
Maui Tropics batting - Pitching for Los Cabos Cartel : RHP Vicente Durán
|
Batting: LHB Henry Huffman
|
0-0: Ball 1-0: Called Strike 1-1: Foul Ball, location: 2F 1-2: Foul Ball, location: 2F 1-2: Foul Ball, location: 2F 1-2: Ball 2-2: Fly out, F7 (Flyball, 7LD)
|
Batting: RHB Damian Yates
|
0-0: Foul Ball, location: 2F 0-1: Ground out 3-1 (Groundball, 34)
|
Batting: RHB Ximena Campos
|
0-0: Ball 1-0: Ball 2-0: SINGLE (Flyball, 8LS)
|
Batting: LHB Javier Espinoza
|
0-0: Ground out 3-1 (Groundball, 34)
|
Bottom of the 6th over - 0 run(s), 1 hit(s), 0 error(s), 1 left on base; Los Cabos 4 - Maui 2 |
TOP OF THE 7TH |
Los Cabos Cartel batting - Pitching for Maui Tropics : RHP Hokusai Nakashima
|
Pitching: RHP Dave Riley
|
|
Batting: SHB Julián Madrid
|
0-0: Called Strike 0-1: Fly out, F7 (Flyball, 7S)
|
Batting: LHB Marc Brown
|
0-0: Ball 1-0: Foul Ball, location: 2F 1-1: Ground out 1-3 (Groundball, 13)
|
Batting: RHB Stephen Wilson
|
0-0: Swinging Strike 0-1: Ground out 5-3 (Groundball, 5S)
|
Top of the 7th over - 0 run(s), 0 hit(s), 0 error(s), 0 left on base; Los Cabos 4 - Maui 2 |
BOTTOM OF THE 7TH |
Maui Tropics batting - Pitching for Los Cabos Cartel : RHP Vicente Durán
|
Batting: RHB Pat Haynes
|
0-0: Ground out 2-3 (Groundball, 23)
|
Batting: LHB Mario Olivares
|
0-0: Ground out 1-3 (Groundball, 13)
|
Batting: LHB Juan Jose Rojas
|
0-0: Foul Ball, location: 2F 0-1: Ball 1-1: Ground out 4-3 (Groundball, 4)
|
Bottom of the 7th over - 0 run(s), 0 hit(s), 0 error(s), 0 left on base; Los Cabos 4 - Maui 2 |
TOP OF THE 8TH |
Los Cabos Cartel batting - Pitching for Maui Tropics : RHP Dave Riley
|
Batting: LHB Manny Quiñones
|
0-0: Ball 1-0: Ball 2-0: Swinging Strike 2-1: Foul Ball, location: 2F 2-2: Strikes out looking
|
Batting: RHB Sam Wallace
|
0-0: Ball 1-0: Ground out 4-3 (Groundball, 4M)
|
Batting: LHB José Rivas
|
0-0: Ball 1-0: Foul Ball, location: 2F 1-1: Ground out 3-1 (Groundball, 34)
|
Top of the 8th over - 0 run(s), 0 hit(s), 0 error(s), 0 left on base; Los Cabos 4 - Maui 2 |
BOTTOM OF THE 8TH |
Maui Tropics batting - Pitching for Los Cabos Cartel : RHP Vicente Durán
|
Batting: RHB Jesús Espinoza
|
0-0: Ground out 6-3 (Groundball, 6S)
|
Batting: LHB Luis Antonio Torres
|
0-0: Ball 1-0: Ball 2-0: Swinging Strike 2-1: Ground out 4-3 (Groundball, 4)
|
Batting: LHB Henry Huffman
|
0-0: Called Strike 0-1: Swinging Strike 0-2: Foul Ball, location: 2F 0-2: DOUBLE (Line Drive, 3D)
|
Pitching: LHP José Santana
|
|
Batting: RHB Damian Yates
|
0-0: Foul Ball, location: 2F 0-1: Swinging Strike 0-2: Strikes out swinging
|
Bottom of the 8th over - 0 run(s), 1 hit(s), 0 error(s), 1 left on base; Los Cabos 4 - Maui 2 |
TOP OF THE 9TH |
Los Cabos Cartel batting - Pitching for Maui Tropics : RHP Dave Riley
|
Batting: RHB Oliver Lugo
|
0-0: Ground out 6-3 (Groundball, 6)
|
Batting: RHB Dan Mason
|
0-0: Foul Ball, location: 2F 0-1: Swinging Strike 0-2: SINGLE (Groundball, 56D)
|
Batting: LHB Luis González
|
0-0: Ball 1-0: Fielders Choice at 2nd, 4-6 (Groundball, 4)
|
Batting: SHB Julián Madrid
|
0-0: Foul Ball, location: 2F 0-1: Ball 1-1: Foul Ball, location: 2F 1-2: Foul Ball, location: 2F 1-2: Fly out, F6 (Line Drive, 6D)
|
Top of the 9th over - 0 run(s), 1 hit(s), 0 error(s), 1 left on base; Los Cabos 4 - Maui 2 |
BOTTOM OF THE 9TH |
Maui Tropics batting - Pitching for Los Cabos Cartel : LHP José Santana
|
Pitching: RHP Jorge Jiménez
|
|
Batting: RHB Ximena Campos
|
0-0: Ball 1-0: Fly out, F8 (Line Drive, 89S)
|
Batting: LHB Javier Espinoza
|
0-0: Foul Ball, location: 2F 0-1: Swinging Strike 0-2: Foul Ball, location: 2F 0-2: Strikes out swinging
|
Batting: RHB Pat Haynes
|
0-0: Foul Ball, location: 2F 0-1: Swinging Strike 0-2: Fly out, F3 (Popup, 4S)
|
Bottom of the 9th over - 0 run(s), 0 hit(s), 0 error(s), 0 left on base; Los Cabos 4 - Maui 2 |
|